 Dungeon Crawl Stone Soup version 0.28-a0-932-g843f935a50 (webtiles) character file.

Game seed: 8297159664964570947

68 ders the Digger (level 4, -2/24 HPs)
             Began as a Gargoyle Earth Elementalist on Nov 27, 2021.
             Slain by an orc (5 damage)
             ... on level 2 of the Dungeon.
             The game lasted 00:03:10 (2208 turns).

ders the Digger (Gargoyle Earth Elementalist)       Turns: 2208, Time: 00:03:11

Health: -2/24      AC:  5    Str: 12    XL:     4   Next: 19%
Magic:  0/8        EV: 11    Int: 16    God:
Gold:   66         SH:  0    Dex: 10    Spells: 4/8 levels left

rFire   . . .      SeeInvis .   o - +1 dagger (venom)
rCold   . . .      Faith    .   (no shield)
rNeg    + . .      Spirit   .   b - +0 robe
rPois   ∞          Reflect  .   (no helmet)
rElec   +          Harm     .   (no cloak)
rCorr   .          Rampage  .   (no gloves)
Will    .....                   (no boots)
Stlth   ++........              (no amulet)
HPRegen 0.08/turn               (no ring)
MPRegen 0.11/turn               (no ring)

@: no status effects
A: sickness immunity, AC +3, negative energy resistance 1, electricity
resistance, torment resistance 1, petrification resistance
a: no special abilities


You were on level 2 of the Dungeon.
You visited 1 branch of the dungeon, and saw 3 of its levels.

You collected 66 gold pieces.

Inventory:

Hand Weapons
 o - a +1 dagger of venom (weapon)
Missiles
 c - 47 stones
Armour
 b - a +0 robe (worn)
Jewellery
 k - a ring of protection from cold
Scrolls
 a - 2 scrolls of identify {unknown}
 d - a scroll of silence {unknown}
 f - 2 scrolls of fear {unknown}
 g - a scroll of enchant weapon {unknown}
 h - 2 scrolls of blinking {unknown}
 m - a scroll of vulnerability {unknown}
 n - a scroll of noise {unknown}
Potions
 e - a potion of attraction {unknown}
 i - 2 potions of lignification {unknown}
 l - a potion of flight {unknown}


   Skills:
 - Level 1.5 Dodging
 - Level 2.1 Stealth
 + Level 2.8 Spellcasting
 + Level 2.1 Conjurations
 - Level 0.7 Transmutations
 + Level 4.4 Earth Magic


You had 4 spell levels left.
You knew the following spells:

 Your Spells              Type           Power      Damage    Failure   Level
a - Sandblast             Erth           32%        2d9       3%          1
b - Stone Arrow           Conj/Erth      24%        3d8       14%         3

Your spell library contained the following spells:

 Spells                   Type           Power      Damage    Failure   Level
 Passwall                 Tmut/Erth      8%         N/A       10%         2
 Animate Skeleton         Necr           4%         N/A       19%         1
 Pain                     Necr           8%         1d4       19%         1
 Petrify                  Tmut/Erth      10%        N/A       54%         4
 Ice Form                 Ice/Tmut       3%         N/A       86%         4
 Freezing Cloud           Conj/Ice/Air   2%         6-21      98%         5


Dungeon Overview and Level Annotations

Branches:
Dungeon (3/15)

Altars:


Innate Abilities, Weirdness & Mutations

You are immune to sickness and miasma.
Your stone body is resilient. (AC +3)
You are immune to poison.
You resist negative energy. (rN+)
You are resistant to electric shocks. (rElec)
You are resistant to unholy torment.
You are immune to petrification.


Message History

You hit the orc but do no damage.
The orc is poisoned.
The orc is heavily wounded.
The orc hits you with a +2 mace of holy wrath.
The orc hits you but does no damage. The orc closely misses you.
The orc barely misses you.
You climb upwards.
There is a stone staircase leading down here.
You hit the orc but do no damage.
The orc is heavily wounded.
The orc hits you with a +2 mace of holy wrath!
The orc hits you with a +0 club.
* * * LOW HITPOINT WARNING * * *
You hit the orc.
The orc is poisoned.
The orc is moderately wounded.
The orc misses you. The orc closely misses you.
Casting: Sandblast (safe; 3% risk of failure)
Confirm with . or Enter, or press ? or * to list all spells.
Aiming: Sandblast (safe; 3% risk of failure)
Press: ? - help, Shift-Dir - straight line, f - orc
Aim: an orc, wielding a +0 club (almost dead, very poisoned, 79% to hit)
The blast of sand hits the orc!
You kill the orc!
The orc closely misses you.
Unknown command.
You barely miss the orc.
The orc is heavily wounded.
The orc misses you.
The orc hits you with a +2 mace of holy wrath.
* * * LOW HITPOINT WARNING * * *
Things that are here:
a +0 club; an orc corpse
Casting: Sandblast (safe; 3% risk of failure)
Confirm with . or Enter, or press ? or * to list all spells.
Aiming: Sandblast (safe; 3% risk of failure)
Press: ? - help, Shift-Dir - straight line, f - orc
Aim: an orc, wielding a +2 mace of holy wrath and wearing a +0 chain mail (severely wounded, poisoned, 85% to hit)
The blast of sand hits the orc but does no damage.
The orc is severely wounded.
The orc hits you with a +2 mace of holy wrath.
You die...

#.##.>..........#.#.# #####
#....######.#...#.#.######....
#.)#............#.#........###
#..#.######.##..#.############
#..#.#....#.....#........#....
#..#.#.##.#..^..##########.###
#..#.#.##.#...#............##.
#..#.#.####...###########.....
#..#.#.......@# #.###.
#..#.#######.o# #.####
#..#.........)###########.#...
##############>..........#.#.##
#...........############.#.#.##
#.#########.##.........#.#.#.##
#.# #.##.###...#...#.#.##
#[#########.##.# #.#.#.###.#.##
#..............# #.#.#...#.#.##


You could see an orc (poisoned).

Vanquished Creatures
  A gnoll (D:1)
  An adder (D:2)
  A worm (D:2)
  3 orcs
  2 ball pythons (D:1)
  3 bats (D:1)
  5 endoplasms
  A giant cockroach (D:1)
  4 goblins
  2 hobgoblins
  4 jackals (D:1)
  4 frilled lizards
  5 kobolds
  5 rats
41 creatures vanquished.

Notes
Turn   | Place    | Note
-------+----------+-------------------------------------------
     0 | D:1      | ders the Gargoyle Earth Elementalist began the quest for
                  | the Orb.
     0 | D:1      | Reached XP level 1. HP: 10/10 MP: 3/3
   106 | D:1      | Reached XP level 2. HP: 4/15 MP: 0/5
   350 | D:1      | Found a faded altar of an unknown god.
   355 | D:1      | Reached skill level 1 in Conjurations
   492 | D:1      | Reached skill level 4 in Earth Magic
   537 | D:1      | Reached XP level 3. HP: 19/19 MP: 2/6
   698 | D:1      | Learned a level 3 spell: Stone Arrow
  1590 | D:2      | Reached XP level 4. HP: 24/24 MP: 6/8
  1735 | D:2      | Got Soal's Collected Works on the Dark Glacier
  2208 | D:2      | Slain by an orc

Illustrated notes

Levels and vault maps discovered:
D:1:      dpeg_arrival_more_subterranean_lakeside_camping, layout_loops_ring,
          basic_ecumenical_altar
D:2:      layout_basic, serial_glass, glass_columns_b, glass_columns_b
D:3:      layout_rooms, nicolae_overflow_crystal_walls,
          mainiacjoe_overflow_catch_the_wave, tso_metal_star, st_stairs_13,
          uniq_sigmund

Skill      XL: |  1  2  3 |
---------------+----------+-----
Conjurations   | 1 2 |  2.1
Earth Magic    | 4 |  4.4
Dodging        | |  1.5
Stealth        | |  2.1
Spellcasting   | |  2.8
Transmutations | |  0.7

Action                   |  1- 3 |  4- 6 || total
-------------------------+-------+-------++-------
Melee: Unarmed           |     3 |       ||     3
       Dagger            |       |     4 ||     4
 Cast: Sandblast         |    45 |    13 ||    58
Armor: Robe              |    18 |     2 ||    20
Dodge: Dodged            |    21 |    10 ||    31

Table legend: (Time is in decaauts)
 A = Elapsed time spent in this place.
 B = Non-inter-level travel time spent in this place.
 C = Inter-level travel time spent in this place.
 D = Time resting spent in this place.
 E = Time spent auto-exploring this place.
 F = Levels seen in this place.
 G = Mean time per level.
                   A        B        C        D        E       F      G
               +--------+--------+--------+--------+--------+-----+--------+
         Total |   2208 |   2123 |     85 |    483 |   1381 |   3 |  736.0 |
       Dungeon |   2208 |   2123 |     85 |    483 |   1381 |   3 |  736.0 |
               +--------+--------+--------+--------+--------+-----+--------+

Top non-repeatable levels by time:
     D:1: 1125 daAuts
     D:2: 1071 daAuts
     D:3: 10 daAuts
